 Seeded DCSS version 0.27.1-3-gb3d3a73c9e (webtiles) character file.

Game seed: 2102612025325667141 (custom seed)

3264 oldmanjim the Magician (level 10, -6/73 HPs)
             Began as a Gnoll Venom Mage on Oct 14, 2021.
             Was a Follower of Okawaru.
             Mangled by a vampire mosquito (10 damage)
             ... on level 8 of the Dungeon.
             The game lasted 01:22:06 (11302 turns).

oldmanjim the Magician (Gnoll Venom Mage)          Turns: 11302, Time: 01:22:07

Health: -6/73      AC: 14    Str: 12    XL:     10   Next: 0%
Magic:  15/20      EV: 14    Int: 20    God:    Okawaru [*.....]
Gold:   2404       SH:  0    Dex:  8    Spells: 10/23 levels left

rFire    . . .     SeeInvis .   a - staff of poison
rCold    + . .     Faith    .   (no shield)
rNeg     . . .     Spirit   .   G - +3 leather armour
rPois    +         Reflect  .   q - +0 helmet
rElec    .         Harm     .   (no cloak)
rCorr    .         Rampage  .   g - +1 pair of gloves "Fupp" {rC+ Str+3 Int+4 Dex-5}
Will     .....                  D - +2 pair of boots
Stlth    ++++......             H - amulet of the acrobat
HPRegen  0.22/turn              (no ring)
MPRegen  0.17/turn              (no ring)

@: heroic
A: fangs 1, strong nose, distributed training
a: Renounce Religion, Heroism


You were on level 8 of the Dungeon.
You worshipped Okawaru.
Okawaru was aware of your devotion.
You visited 2 branches of the dungeon, and saw 9 of its levels.
You also visited: Ossuary.

You collected 2404 gold pieces.

Inventory:

Hand Weapons
 b - a +0 fustibalus of flaming
 n - a +0 dagger
 C - a +0 hand crossbow
Missiles
 c - 216 stones
 f - 10 curare-tipped darts
 i - 47 bolts
 k - 36 arrows
 m - 18 sling bullets
Armour
 g - the +1 pair of gloves "Fupp" (worn) {rC+ Str+3 Int+4 Dex-5}
   (You acquired it on level 2 of the Dungeon)

   Str:       It affects your strength (+3).
   Int:       It affects your intelligence (+4).
   Dex:       It affects your dexterity (-5).
   rC:        It protects you from cold.
 q - a +0 helmet (worn)
 D - a +2 pair of boots (worn)
 G - a +3 leather armour (worn)
Magical Staves
 a - a staff of poison (weapon)
 A - a staff of conjuration
Jewellery
 H - an amulet of the acrobat (around neck)
Wands
 h - a wand of flame (36)
 j - a wand of digging (8)
Scrolls
 l - a scroll of silence {unknown}
 s - a scroll of fear {unknown}
 t - 2 scrolls of enchant weapon {unknown}
 y - a scroll of magic mapping {unknown}
 B - 3 scrolls of enchant armour
 E - 2 scrolls of teleportation {unknown}
 J - a scroll of vulnerability {unknown}
Potions
 d - 2 potions of heal wounds {unknown}
 e - 2 potions of magic
 o - 2 potions of might {unknown}
 p - a potion of ambrosia {unknown}
 r - 7 potions of curing
 u - 2 potions of mutation
 v - 3 potions of flight
 w - a potion of attraction {unknown}
 x - a potion of resistance {unknown}
 z - 2 potions of haste
 F - a potion of degeneration {unknown}
 I - a potion of cancellation {unknown}
 K - a potion of lignification {unknown}


   Skills:
 + Level 4.8(9.8) Fighting
 + Level 4.8(9.8) Short Blades
 + Level 4.8(9.8) Long Blades
 + Level 4.8(9.8) Axes
 + Level 4.8(9.8) Maces & Flails
 + Level 4.8(9.8) Polearms
 + Level 4.8(9.8) Staves
 + Level 4.8(9.8) Slings
 + Level 4.8(9.8) Bows
 + Level 4.8(9.8) Crossbows
 + Level 4.8(9.8) Throwing
 + Level 4.8(9.8) Armour
 + Level 6.7(11.7) Dodging
 + Level 6.4(11.4) Stealth
 + Level 4.8(9.8) Shields
 + Level 4.8(9.8) Unarmed Combat
 + Level 7.0 Spellcasting
 + Level 3.9 Conjurations
 + Level 3.9 Hexes
 + Level 3.9 Summonings
 + Level 3.9 Necromancy
 + Level 3.9 Translocations
 + Level 4.5 Transmutations
 + Level 3.9 Fire Magic
 + Level 3.9 Ice Magic
 + Level 3.9 Air Magic
 + Level 3.9 Earth Magic
 + Level 6.8 Poison Magic
 + Level 5.2 Invocations
 + Level 4.8 Evocations


You had 10 spell levels left.
You knew the following spells:

 Your Spells              Type           Power      Damage    Failure   Level
a - Sting                 Tmut/Pois      100%       1d8       1%          1
b - Poisonous Vapours     Pois/Air       86%        N/A       1%          2
c - Spider Form           Tmut/Pois      22%        N/A       3%          3
d - Mephitic Cloud        Conj/Pois/Air  40%        N/A       4%          3
e - Olgreb's Toxic Radia  Pois           51%        N/A       7%          4

Your spell library contained the following spells:

 Spells                   Type           Power      Damage    Failure   Level
 Beastly Appendage        Tmut           50%        N/A       1%          1
 Wereblood                Tmut           25%        N/A       2%          2
 Sublimation of Blood     Necr           11%        N/A       3%          2
 Petrify                  Tmut/Erth      24%        N/A       21%         4
 Irradiate                Conj/Tmut      12%        3d17      50%         5


Dungeon Overview and Level Annotations

Branches:
Dungeon (8/15)             Temple (1/1) D:6         Ossuary (visited)
   Lair: D:8-11

Altars:
Cheibriados
Dithmenos
Elyvilon
Fedhas
Gozag
Hepliaklqana
Kikubaaqudgha
Makhleb
Nemelex Xobeh
Okawaru
Qazlal
Ru
Sif Muna
Trog
Uskayaw
Vehumet
Wu Jian
Xom
Yredelemnul
Zin
The Shining One

Shops:
D:7 [

Annotations:
D:3 1 runed translucent door, exclusion: door, Crazy Yiuf
D:5 Grinder
D:8 Erica


Innate Abilities, Weirdness & Mutations

You have very sharp teeth.
Your uncanny sense of smell can sniff out nearby items.
Your experience applies equally to all skills.


Message History

The vampire mosquito completely misses you.
The vampire mosquito completely misses you.
The vampire mosquito completely misses you.
The vampire mosquito barely misses you. The vampire mosquito misses you.
The vampire mosquito misses you.
The vampire mosquito completely misses you.
The vampire mosquito misses you. The vampire mosquito misses you.
The vampire mosquito barely misses you. The vampire mosquito misses you.
The vampire mosquito bites you but does no damage.
The vampire mosquito bites you but does no damage.
The vampire mosquito completely misses you.
The vampire mosquito closely misses you.
The vampire mosquito misses you.
The vampire mosquito closely misses you.
The vampire mosquito completely misses you.
The vampire mosquito closely misses you.
The vampire mosquito completely misses you.
The vampire mosquito closely misses you.
The vampire mosquito barely misses you. The vampire mosquito bites you!
* * * LOW HITPOINT WARNING * * *
The vampire mosquito draws strength from your injuries!
The vampire mosquito closely misses you.
The vampire mosquito bites you but does no damage.
The vampire mosquito completely misses you.
The vampire mosquito barely misses you.
The vampire mosquito bites you but does no damage.
The vampire mosquito misses you.
The vampire mosquito bites you but does no damage.
The vampire mosquito misses you.
The vampire mosquito bites you but does no damage.
You gain the combat prowess of a mighty hero.
The vampire mosquito barely misses you.
The vampire mosquito completely misses you.
You miss the vampire mosquito. The vampire mosquito misses you.
You miss the vampire mosquito. The vampire mosquito bites you!
You die...

.##
#...###...###...##
#8...8##.####8..[8#
##...##...>###...##
#...###.###.#...#
#...# #.# #.##.##
8...8##.###.##.#
#...<#.##.#
##y#.#.##.#
#.@#......# ∆
#..#.....##
#......#....#
##.##>##.#.#.#
).........##
.....##.#.### ∆
.......##.#...
.............#.
...$.... ## .. #


You could see a vampire mosquito.

Vanquished Creatures
  A centaur warrior (D:8)
  2 wyverns
  2 water moccasins
  An orc warrior (D:8)
  3 ice beasts
  A black bear (D:6)
  A necrophage (D:5)
  3 ogres
  A phantom (D:6)
  2 bullfrogs (D:7)
  3 elf skeletons (D:4)
  2 scorpions
  A water moccasin zombie (D:6)
  2 water moccasin skeletons
  2 howler monkeys
  A bullfrog zombie (D:6)
  2 centaur zombies (D:5)
  An orc priest (D:7)
  A hound (D:5)
  4 iguanas
  5 human skeletons (D:4)
  8 mummies (Ossuary)
  4 adders
  A shadow imp (D:7)
  A white imp (D:7)
  An adder skeleton (D:4)
  2 dart slugs
  4 orcs (D:7)
  11 endoplasms
  6 giant cockroaches
  9 goblins
  4 hobgoblins
  2 jackals (D:5)
  9 quokkas
  4 ball pythons
  5 bats
  3 frilled lizards
  A gnoll zombie (Ossuary)
  3 hobgoblin zombies (Ossuary)
  5 kobolds
  3 kobold zombies (Ossuary)
  3 orc skeletons (D:4)
  An orc zombie (Ossuary)
  2 rats
133 creatures vanquished.

Vanquished Creatures (others)
  15 plants (D:2)
15 creatures vanquished.

Grand Total: 148 creatures vanquished

Notes
Turn   | Place    | Note
-------+----------+-------------------------------------------
     0 | D:1      | oldmanjim the Gnoll Venom Mage began the quest for the Orb.
     0 | D:1      | Reached XP level 1. HP: 13/13 MP: 6/6
   258 | D:1      | You fall into a shaft and drop 1 floor!
   267 | D:2      | Reached XP level 2. HP: 19/19 MP: 4/7
   270 | D:2      | Learned a level 2 spell: Poisonous Vapours
  1197 | D:1      | Reached XP level 3. HP: 16/25 MP: 3/9
  1500 | D:2      | Identified a scroll of acquirement
  1500 | D:2      | Acquired the +1 pair of gloves "Fupp" {rC+ Str+3 Int+4
                  | Dex-5}
  1580 | D:2      | Reached skill level 5 in Spellcasting
  1827 | D:2      | Reached skill level 1 in Invocations
  2015 | D:2      | Reached skill level 1 in Fighting
  2015 | D:2      | Reached skill level 1 in Short Blades
  2015 | D:2      | Reached skill level 1 in Long Blades
  2015 | D:2      | Reached skill level 1 in Axes
  2015 | D:2      | Reached skill level 1 in Maces & Flails
  2015 | D:2      | Reached skill level 1 in Polearms
  2015 | D:2      | Reached skill level 1 in Staves
  2015 | D:2      | Reached skill level 1 in Slings
  2015 | D:2      | Reached skill level 1 in Bows
  2015 | D:2      | Reached skill level 1 in Crossbows
  2015 | D:2      | Reached skill level 1 in Throwing
  2015 | D:2      | Reached skill level 1 in Armour
  2015 | D:2      | Reached skill level 1 in Shields
  2015 | D:2      | Reached skill level 1 in Unarmed Combat
  2015 | D:2      | Reached skill level 1 in Evocations
  2435 | D:2      | Reached XP level 4. HP: 32/32 MP: 3/11
  2639 | D:3      | Found a blossoming altar of Fedhas.
  2710 | D:3      | Found a faded altar of an unknown god.
  3123 | D:3      | Found a runed translucent door.
  3124 | D:3      | Noticed Crazy Yiuf
  3418 | D:3      | Reached skill level 1 in Conjurations
  3418 | D:3      | Reached skill level 1 in Hexes
  3418 | D:3      | Reached skill level 1 in Summonings
  3418 | D:3      | Reached skill level 1 in Necromancy
  3418 | D:3      | Reached skill level 1 in Translocations
  3418 | D:3      | Reached skill level 1 in Fire Magic
  3418 | D:3      | Reached skill level 1 in Ice Magic
  3418 | D:3      | Reached skill level 1 in Air Magic
  3418 | D:3      | Reached skill level 1 in Earth Magic
  3583 | D:3      | Found an ornate altar of the Wu Jian Council.
  3629 | D:3      | Reached XP level 5. HP: 37/37 MP: 7/12
  3711 | D:3      | Found a sacrificial altar of Ru.
  4366 | D:4      | Learned a level 3 spell: Spider Form
  4368 | D:4      | Found a sand-covered staircase.
  4380 | D:4      | Reached XP level 6. HP: 12/44 MP: 10/13
  4383 | Ossuary  | Entered an ossuary
  4969 | Ossuary  | Reached skill level 5 in Dodging
  5557 | D:4      | Reached XP level 7. HP: 14/50 MP: 15/15
  5969 | D:4      | Acquired 559 gold pieces
  5973 | D:4      | Acquired 1163 gold pieces
  6009 | D:4      | Acquired a +0 fustibalus of flaming
  6075 | D:4      | Learned a level 3 spell: Mephitic Cloud
  6719 | D:5      | Entered Level 5 of the Dungeon
  6749 | D:5      | Reached skill level 5 in Stealth
  7123 | D:5      | Reached XP level 8. HP: 57/57 MP: 12/16
  7428 | D:5      | Reached skill level 6 in Spellcasting
  7742 | D:5      | Noticed a wyvern
  7795 | D:5      | Killed a wyvern
  7881 | D:5      | Noticed Grinder
  8351 | D:6      | Reached XP level 9. HP: 65/65 MP: 10/18
  8429 | D:6      | Found an iron altar of Okawaru.
  8439 | D:6      | Became a worshipper of Warmaster Okawaru
  8863 | D:6      | Found a staircase to the Ecumenical Temple.
  8993 | D:6      | Learned a level 4 spell: Olgreb's Toxic Radiance
  9069 | Temple   | Entered the Ecumenical Temple
  9230 | D:7      | Found a stormy altar of Qazlal.
  9418 | D:7      | Found Vynesmo's Armour Boutique.
 10738 | D:8      | Noticed Erica
 11148 | D:8      | Noticed a centaur warrior
 11196 | D:8      | Killed a centaur warrior
 11196 | D:8      | Reached * piety under Okawaru
 11197 | D:8      | Reached skill level 7 in Spellcasting
 11197 | D:8      | Reached skill level 5 in Invocations
 11197 | D:8      | Reached XP level 10. HP: 22/73 MP: 3/20
 11289 | D:8      | HP: 2/73 [vampire mosquito (9)]
 11302 | D:8      | Mangled by a vampire mosquito

Illustrated notes

Levels and vault maps discovered:
D:1:      minmay_arrival_up_and_down, layout_basic
D:2:      layout_basic, grunt_ministairs_11, serial_bayou_lake_a
D:3:      layout_loops_ring, fedhas_altar_2, mainiacjoe_overflow_big_doors,
          ebering_ecumenical_altar_webs, grunt_ministairs_9,
          uniq_crazy_yiuf_cottage
D:4:      layout_basic, nicolae_ossuary_entry_catacombs, minmay_misc_feat_chi
D:5:      layout_loops_cross, uniq_grinder
D:6:      layout_rooms, okawaru_trees_1, temple_fountains, serial_curves,
          eino_curves_03, eino_curves_02, minmay_misc_feat_enclosed
D:7:      layout_layer_cave, mainiacjoe_overflow_tiny_flanked, serial_shops,
          shop_statue
D:8:      hangedman_cross_stitches, layout_basic, serial_corexii_hall,
          corexii_hall_statues_x, corexii_hall_statues_s,
          corexii_hall_statues_i, corexii_hall_statues_i,
          corexii_hall_statues_i, chequers_hall_statues_y, nrook_loot_triangle,
          minmay_manual_monstrance, uniq_erica, uniq_grum
Temple:   lightli_temple_of_artemis

Skill      XL: |  1  2  3  4  5  6  7  8  9 |
---------------+----------------------------+-----
Transmutations | 2 3 4 |  4.5
Spellcasting   | 5 6 7 |  7.0
Invocations    | 1 2 3 4 5 |  5.2
Fighting       | 1 2 3 4 |  4.8
Short Blades   | 1 2 3 4 |  4.8
Long Blades    | 1 2 3 4 |  4.8
Axes           | 1 2 3 4 |  4.8
Maces & Flails | 1 2 3 4 |  4.8
Polearms       | 1 2 3 4 |  4.8
Staves         | 1 2 3 4 |  4.8
Slings         | 1 2 3 4 |  4.8
Bows           | 1 2 3 4 |  4.8
Crossbows      | 1 2 3 4 |  4.8
Throwing       | 1 2 3 4 |  4.8
Armour         | 1 2 3 4 |  4.8
Shields        | 1 2 3 4 |  4.8
Unarmed Combat | 1 2 3 4 |  4.8
Evocations     | 1 2 3 4 |  4.8
Conjurations   | 1 2 3 |  3.9
Hexes          | 1 2 3 |  3.9
Summonings     | 1 2 3 |  3.9
Necromancy     | 1 2 3 |  3.9
Translocations | 1 2 3 |  3.9
Fire Magic     | 1 2 3 |  3.9
Ice Magic      | 1 2 3 |  3.9
Air Magic      | 1 2 3 |  3.9
Earth Magic    | 1 2 3 |  3.9
Dodging        | 5 6 |  6.7
Stealth        | 5 6 |  6.4
Poison Magic   | 6 |  6.8

Action                   |  1- 3 |  4- 6 |  7- 9 | 10-12 || total
-------------------------+-------+-------+-------+-------++-------
Melee: Dagger            |     2 |   131 |    32 |       ||   165
       Unarmed           |       |    56 |     5 |       ||    61
       Bite              |       |     8 |    13 |     1 ||    22
       Staff             |       |       |   107 |    19 ||   126
       Punch             |       |       |     1 |       ||     1
 Fire: Hunting sling     |       |   126 |       |       ||   126
       Fustibalus        |       |       |    62 |       ||    62
 Cast: Sting             |    31 |    14 |    56 |       ||   101
       Poisonous Vapours |    31 |    25 |    35 |       ||    91
       Spider Form       |       |     3 |     3 |       ||     6
       Mephitic Cloud    |       |       |     4 |       ||     4
       Olgreb's Toxic Ra |       |       |     9 |       ||     9
Invok: Heroism           |       |       |       |     1 ||     1
  Use: Scroll            |     2 |       |     8 |       ||    10
       Potion            |       |       |       |     2 ||     2
 Stab: Sleeping          |       |     2 |     1 |       ||     3
Armor: Leather armour    |     8 |    36 |   111 |    15 ||   170
       Skin              |       |     2 |       |       ||     2
Dodge: Dodged            |    24 |    85 |   162 |    57 ||   328
